 Dungeon Crawl Stone Soup version 0.32-a0-931-g5a2cda0630 (webtiles) character file.

Game seed: 10888397502805864250

137 GiantSquids the Chopper (level 5, 0/45 HPs)
             Began as a Mountain Dwarf Fighter on Apr 13, 2024.
             Succumbed to an adder's poison
             ... on level 5 of the Dungeon.
             The game lasted 00:01:41 (2193 turns).

GiantSquids the Chopper (Mountain Dwarf Fighter)    Turns: 2193, Time: 00:01:42

Health: 0/45       AC:  6    Str: 20    XL:     5   Next: 0%
Magic:  5/5        EV:  8    Int:  9    God:
Gold:   140        SH:  4    Dex:  9    Spells: 4/4 levels left

rFire   . . .        a - +0 war axe
rCold   . . .        c - +0 buckler
rNeg    . . .        b - +0 scale mail
rPois   .            (no helmet)
rElec   .            (no cloak)
rCorr   .            (no gloves)
SInv    .            (no boots)
Will    .....        (no amulet) Stlth
                     (no ring)
HPRegen 0.27/turn    (no ring)
MPRegen 0.09/turn

%: no passive effects
@: lethally poisoned (0 -> -15)
A: runic magic, artefact enchanting
a: no special abilities


You were on level 5 of the Dungeon.
You visited 1 branch of the dungeon, and saw 4 of its levels.

You collected 140 gold pieces.

Inventory:

Hand Weapons
 a - a +0 war axe (weapon)
Missiles
 k - 5 javelins (quivered)
Armour
 b - a +0 scale mail (worn)
 c - a +0 buckler (worn)
Scrolls
 e - a scroll of identify {unknown}
 f - a scroll of noise {unknown}
 g - 2 scrolls of blinking {unknown}
 i - a scroll of vulnerability {unknown}
 l - a scroll of torment {unknown}
Potions
 d - a potion of might
 h - a potion of curing {unknown}
 j - a potion of haste {unknown}


   Skills:
 - Level 3.2 Fighting
 + Level 6.3 Axes
 - Level 3.2 Armour
 - Level 3.2 Shields


You had 4 spell levels left.
You didn't know any spells.
Your spell library contained the following spells:

 Spells                   Type           Power      Damage    Failure   Level
 Jinxbite                 Hex            0%         N/A       69%         2
 Lesser Beckoning         Tloc           0%         N/A       69%         2
 Fugue of the Fallen      Necr           0%         N/A       89%         3
 Maxwell's Portable Pile  Tloc           0%         2d(5-13)  89%         3
 Ozocubu's Armour         Ice            0%         N/A       89%         3
 Summon Ice Beast         Ice/Summ       0%         N/A       89%         3
 Teleport Other           Tloc           0%         N/A       89%         3
 Summon Forest            Summ/Tloc      0%         N/A       100%        5
 Summon Mana Viper        Hex/Summ       0%         N/A       100%        5
 Yara's Violent Unravell  Hex/Alch       0%         3d3       100%        5
 Summon Cactus Giant      Summ           0%         N/A       100%        6
 Enfeeble                 Hex            0%         N/A       100%        7
 Manifold Assault         Tloc           0%         N/A       100%        7
 Monstrous Menagerie      Summ           0%         N/A       100%        7


Dungeon Overview and Level Annotations

Branches:
Dungeon (3/15)

Altars:

Shops:
D:3 *


Innate Abilities, Weirdness & Mutations

Your spellcasting is much less encumbered by armour.
You can use scrolls of enchantment on lesser artefacts.


Message History

You completely miss the adder. You hit the water moccasin.
You miss the orc wizard. The water moccasin bites you.
The adder closely misses you. The orc hits you with a +0 dagger.
The orc wizard hits you but does no damage.
The water moccasin bites you. The adder misses you.
You barely miss the adder. You hit the orc.
You kill the orc!
You miss the water moccasin. You closely miss the orc wizard.
The water moccasin bites you but does no damage.
The adder barely misses you.
The orc wizard hits you with a +0 dagger.
You barely miss the orc wizard. You miss the adder. You hit the sleepcap.
You slash the water moccasin!
The water moccasin bites you but does no damage.
The adder barely misses you. The orc wizard barely misses you.
The sleepcap releases spores at you but does no damage.
The water moccasin bites you.
You are lethally poisoned!
The water moccasin poisons you! The adder bites you.
You are more poisoned.
The adder poisons you!
You hit the sleepcap.
The sleepcap is moderately damaged.
You slash the adder!
You kill the adder!
You closely miss the water moccasin. You barely miss the orc wizard.
You feel less confused.
* * * LOW HITPOINT WARNING * * *
You feel extremely sick. The water moccasin closely misses you.
The orc wizard hits you with a +0 dagger.
* * * LOW HITPOINT WARNING * * *
The sleepcap releases spores at you but does no damage.
The water moccasin bites you.
* * * LOW HITPOINT WARNING * * *
You have reached level 5!
You closely miss the water moccasin.
The water moccasin is moderately wounded.
You hit the sleepcap. You hit the orc wizard.
You die...

###### ##..#.####...
# #............ #.
###...........
##.####.#.....#.#...
#.............### ..
.................
###.†...#.##..#.#
#.f@..### ### ..
#.So..# . #..#.....
....##...## .#...
...## .. .... ...# .
..... ... ....#. ...


You could see a water moccasin, a sleepcap and an orc wizard.

Vanquished Creatures
  Natasha (thrice) (D:2)
  2 adders
  2 orcs (D:5)
  2 ball pythons (D:2)
  4 bats
  8 endoplasms
  2 giant cockroaches
  3 goblins (D:1)
  3 hobgoblins
  2 jackals (D:3)
  A quokka (D:1)
  3 frilled lizards
  3 kobolds (D:2)
  5 rats
43 creatures vanquished.

Notes
Turn   | Place    | Note
-------+----------+-------------------------------------------
     0 | D:1      | GiantSquids the Mountain Dwarf Fighter began the quest for
                  | the Orb.
     0 | D:1      | Reached XP level 1. HP: 19/19 MP: 1/1
   134 | D:1      | Reached skill level 3 in Axes
   172 | D:1      | Reached XP level 2. HP: 26/26 MP: 2/2
   860 | D:2      | Reached skill level 4 in Axes
  1179 | D:2      | Noticed Natasha
  1185 | D:2      | Killed Natasha
  1186 | D:2      | Reached XP level 3. HP: 19/31 MP: 3/3
  1259 | D:2      | Reached skill level 5 in Axes
  1271 | D:2      | Noticed Natasha
  1279 | D:2      | Killed Natasha
  1280 | D:2      | Reached XP level 4. HP: 37/38 MP: 4/4
  1294 | D:2      | Noticed Natasha
  1306 | D:2      | Killed Natasha
  1693 | D:2      | Reached skill level 6 in Axes
  2122 | D:3      | Found Ihetem's General Store.
  2174 | D:3      | You fall into a shaft and drop 2 floors!
  2174 | D:5      | Entered Level 5 of the Dungeon
  2183 | D:5      | Noticed a water moccasin
  2193 | D:5      | Reached XP level 5. HP: 3/45 MP: 5/5
  2193 | D:5      | Succumbed to an adder's poison

Illustrated notes

Levels and vault maps discovered:
D:1:      minmay_arrival_radiant_lines, layout_basic
D:2:      layout_basic, hangedman_abyss_or_decor_stabs, serial_bayou_lagoon_a,
          uniq_natasha
D:3:      layout_rooms, overflow_temple_1_default, serial_shops,
          nicolae_shop_tiny_glass, gammafunk_ghost_nasty_kobolds,
          kennysheep_jessica_study
D:5:      layout_cave_pools, minmay_misc_feat_roman

Skill      XL: |  1  2  3  4 |
---------------+-------------+-----
Axes           | 3 4 5 6 |  6.3
Fighting       | |  3.2
Armour         | |  3.2
Shields        | |  3.2

Action                     |  1- 3 |  4- 6 || total
---------------------------+-------+-------++-------
  Melee: War axe           |    88 |    53 ||   141
 Armour: Scale mail        |    66 |    64 ||   130
  Dodge: Dodged            |    37 |    31 ||    68
  Block: Buckler           |    20 |     6 ||    26

Table legend: (Time is in decaauts)
 A = Elapsed time spent in this place.
 B = Non-inter-level travel time spent in this place.
 C = Inter-level travel time spent in this place.
 D = Time resting spent in this place.
 E = Time spent auto-exploring this place.
 F = Levels seen in this place.
 G = Mean time per level.
                   A        B        C        D        E       F      G
               +--------+--------+--------+--------+--------+-----+--------+
         Total |   2250 |   2188 |     62 |      0 |   1863 |   4 |  562.5 |
       Dungeon |   2250 |   2188 |     62 |      0 |   1863 |   4 |  562.5 |
               +--------+--------+--------+--------+--------+-----+--------+

Top non-repeatable levels by time:
     D:2: 1292 daAuts
     D:1: 839 daAuts
     D:3: 97 daAuts
     D:5: 20 daAuts
